[Event "Team 45 45 League T41"]
[Site "Internet Chess Club"]
[Date "2009.05.16"]
[Round "3"]
[White "Gregorio"]
[Black "SneakyRed"]
[Result "0-1"]
[WhiteElo "2093"]
[BlackElo "1973"]
[Opening "Caro-Kann: Panov-Botvinnik attack"]
[ECO "B13"]
[Time "10:04:52"]
[TimeControl "2700+45"]

1. e4 c6 2. d4 d5 3. exd5 cxd5 4. c4 e6 5. Nf3 Nf6 6. c5 b6 7. b4 a5 8. Bb5+ Bd7
9. Qa4 Qc7 10. Ne5 bxc5 11. bxc5 Bxc5 12. Nxd7 Bb4+ 13. Bd2 Bxd2+ 14. Nxd2 Nbxd7
15. O-O O-O 16. Rfc1 Qf4 17. Nf3 Nb6 18. Qb3 Rfc8 19. Rc5 Ne4 20. g3 Qd6 21.
Rxc8+ Rxc8 22. Ne5 Nd2 23. Qd1 Ndc4 24. Nd3 Qa3 25. Qb3 Qxb3 26. axb3 Nd2 27.
Rxa5 Nxb3 28. Ra6 Rb8 29. f4 Nxd4 30. Ba4 Nxa4 31. Rxa4 Ne2+ 32. Kf2 Nc3 33. Ra7
Ne4+ 34. Ke3 f6 35. Kd4 Kf8 36. f5 Nd6 37. Kc5 Nxf5 38. Nf4 Rc8+ 39. Kb6 Re8 40.
g4 Nd6 41. Kc6 Re7 42. Ra8+ Ne8 43. h4 d4 44. g5 Kf7 45. Kc5 e5 46. Nd5 Rd7 47.
Rc8 d3 {White resigns} 0-1

[Event "Team 45 45 League T41"]
[Site "Internet Chess Club"]
[Date "2009.05.17"]
[Round "3"]
[White "Rainbird"]
[Black "Electryon"]
[Result "1-0"]
[WhiteElo "1776"]
[BlackElo "1361"]
[Opening "Réti opening"]
[ECO "A30"]
[Time "10:34:58"]
[TimeControl "2700+45"]

1. Nf3 c5 2. c4 Nc6 3. g3 g6 4. Bg2 Bg7 5. O-O e5 6. Nc3 Nge7 7. e3 O-O 8. b3 d6
9. Bb2 Bd7 10. Qc2 Qc8 11. Rfd1 Bg4 12. d3 a6 13. a3 Rb8 14. Ne4 Nf5 15. h3 Bxf3
16. Bxf3 Rd8 17. Nd2 b5 18. Rab1 bxc4 19. dxc4 Qc7 20. Ba1 Rb6 21. Bxc6 Qxc6 22.
g4 Ne7 23. Ne4 f5 24. gxf5 Nxf5 25. Rd2 Bh6 26. Rd5 Qc8 27. Qd3 Ne7 28. Nxd6
Qxh3 29. Bxe5 Nxd5 30. Qxd5+ {Black resigns} 1-0

[Event "Team 45 45 League T41"]
[Site "Internet Chess Club"]
[Date "2009.05.14"]
[Round "3"]
[White "tc66062"]
[Black "therealwizard"]
[Result "0-1"]
[WhiteElo "1895"]
[BlackElo "2274"]
[Opening "Scotch game"]
[ECO "C45"]
[Time "18:01:18"]
[TimeControl "2700+45"]

1. e4 e5 2. Nf3 Nc6 3. d4 exd4 4. Nxd4 Bc5 5. Be3 Qf6 6. c3 Nge7 7. Bc4 Ne5 8.
Bb3 Qg6 9. O-O d5 10. Nf5 dxe4 11. Nh4 Qd6 12. Qxd6 cxd6 13. Bxc5 dxc5 14. g3 g5
15. Ng2 Bh3 16. Nd2 Nf3+ 17. Nxf3 exf3 18. Rfe1 fxg2 19. Rad1 Rd8 20. Ba4+ Bd7
21. Bb3 Bc6 22. Rxd8+ Kxd8 23. Bxf7 Rf8 24. Bc4 Ng6 25. Bd3 Re8 26. Rd1 Kc7 27.
Bxg6 hxg6 28. b4 Re2 29. Ra1 c4 30. a4 Rc2 31. b5 Bf3 32. a5 Rxc3 33. Rb1 Rb3
34. Rc1 Kd6 35. b6 axb6 36. axb6 c3 37. h3 c2 38. Kh2 Rb1 39. Rg1 Rxg1 40. Kxg1
c1=Q+ 41. Kh2 g1=Q# {White checkmated} 0-1

[Event "Team 45 45 League T41"]
[Site "Internet Chess Club"]
[Date "2009.05.17"]
[Round "3"]
[White "alexdb"]
[Black "JoePio"]
[Result "0-1"]
[WhiteElo "1962"]
[BlackElo "1940"]
[Opening "Caro-Kann: advance variation"]
[ECO "B12"]
[Time "12:00:54"]
[TimeControl "2700+45"]

1. e4 c6 2. d4 d5 3. e5 c5 4. dxc5 Nc6 5. Bb5 e6 6. Be3 Ne7 7. c3 Nf5 8. Bd4 Bd7
9. Bxc6 Bxc6 10. Nf3 Rc8 11. O-O Bb5 12. Re1 Bxc5 13. a4 Bc4 14. Bxc5 Rxc5 15.
b3 Ba6 16. b4 Rc4 17. b5 Qb6 18. bxa6 Qxa6 19. Nfd2 Rc7 20. Qe2 Qc6 21. Qb5 Ke7
22. Qxc6 Rxc6 23. Nf3 Rc4 24. a5 Rhc8 25. h3 Kd7 26. g3 Ne7 27. Nfd2 R4c5 28.
Nb3 Rb5 29. Nd4 Rbc5 30. a6 b6 31. Re3 Nc6 32. Nxc6 R8xc6 33. Ra3 b5 34. Nd2 Ke7
35. Nf3 Rc4 36. Nd4 Rb6 37. Nf3 Kd7 38. Ng5 f6 39. Nf3 f5 40. Rb3 Kc6 41. Ng5
Kc5 42. Nxh7 Ra4 43. Ng5 Raxa6 44. Nf7 Ra1+ 45. Kg2 a5 46. Nd6 a4 47. Rb4 a3 48.
Re2 Kc6 49. g4 fxg4 50. Rxg4 Rc1 51. Rg3 Ra6 52. Ra2 Rb1 53. Re3 Rb2 54. Ra1 a2
55. Ree1 Rc2 56. Ne8 Ra7 57. Re3 Kc5 58. Nd6 Ra3 59. Nb7+ Kc6 60. Nd8+ Kd7 61.
Nb7 b4 62. cxb4 Rxe3 63. Nc5+ Ke7 64. b5 Ra3 65. Nb7 Rb2 66. Nd6 Rb1 67. Nc8+
{White resigns} 0-1

[Event "Team 45 45 League T41"]
[Site "Internet Chess Club"]
[Date "2009.05.17"]
[Round "3"]
[White "kenjr"]
[Black "Wheels"]
[Result "0-1"]
[WhiteElo "1879"]
[BlackElo "2024"]
[Opening "Trompowsky attack (Ruth, Opocenský opening)"]
[ECO "A45"]
[Time "19:59:03"]
[TimeControl "2700+45"]

1. d4 Nf6 2. Bg5 e6 3. e4 h6 4. Bxf6 Qxf6 5. c3 d5 6. e5 Qd8 7. f4 c5 8. Nf3 Nc6
9. Bd3 Be7 10. O-O O-O 11. Nbd2 Qb6 12. Qb3 Bd7 13. Qxb6 axb6 14. a3 Rfc8 15.
Rfc1 Rc7 16. c4 cxd4 17. cxd5 exd5 18. b4 Rac8 19. Nb3 f6 20. Rc2 fxe5 21. fxe5
Bg4 22. Nbxd4 Bxf3 23. Ne6 Bg4 24. Nxc7 Rxc7 25. b5 Bc5+ 26. Rxc5 bxc5 27. bxc6
Rxc6 28. Bb5 Rc7 29. Kf2 Kf7 30. Ke3 Ke6 31. Kf4 Bf5 32. g4 Be4 33. a4 g5+ 34.
Ke3 Kxe5 35. a5 c4 36. Rd1 Rc5 37. Be8 Rxa5 38. Bd7 b5 39. Re1 Ra3+ 40. Kf2 b4
41. Bb5 b3 {White resigns} 0-1

[Event "Team 45 45 League T41"]
[Site "Internet Chess Club"]
[Date "2009.05.17"]
[Round "3"]
[White "Philly-Boy"]
[Black "AntMantis"]
[Result "1-0"]
[WhiteElo "1837"]
[BlackElo "1319"]
[Opening "Queen's gambit declined"]
[ECO "D30"]
[Time "22:03:12"]
[TimeControl "2700+45"]

1. d4 d5 2. c4 e6 3. Nf3 Nc6 4. Nc3 Nf6 5. Bg5 Be7 6. e3 b6 7. cxd5 Nxd5 8. Nxd5
exd5 9. Bxe7 Qxe7 10. a3 O-O 11. Rc1 Bb7 12. Bd3 a5 13. Qc2 Kh8 14. Bb5 Na7 15.
Qxc7 Qxc7 16. Rxc7 Rfc8 17. Rxc8+ Rxc8 18. Be2 Rc2 19. b4 Ba6 20. Bd1 Ra2 21.
bxa5 bxa5 22. a4 Nc8 23. Ne5 Nb6 24. f3 Nxa4 25. Bxa4 Rxa4 26. Kf2 f6 27. Nc6
Ra2+ 28. Kg3 a4 29. Nb4 Re2 30. Nxa6 Rxe3 31. Nc5 a3 32. Rb1 h6 33. Rb8+ Kh7 34.
Ra8 Kg6 35. h3 Kf5 36. Kf2 Rc3 37. g4+ Kg6 38. Kg3 f5 39. Ra6+ Kf7 40. gxf5 Rc4
41. Rxa3 Rxd4 42. Rd3 Rc4 43. Rxd5 g6 44. fxg6+ Kxg6 45. Ne4 Rb4 46. h4 h5 47.
Rg5+ Kh6 48. Nf6 Rb1 49. Nxh5 Rg1+ 50. Kf4 Rxg5 51. hxg5+ Kg6 52. Nf6 Kf7 53.
Kf5 Kg7 54. g6 Kh8 55. Ne8 Kg8 56. Kf6 Kf8 57. g7+ Kg8 58. Nd6 Kh7 59. Kf7
{Black resigns} 1-0

[Event "Team 45 45 League T41"]
[Site "Internet Chess Club"]
[Date "2009.05.15"]
[Round "3"]
[White "Hominid"]
[Black "budugu"]
[Result "1-0"]
[WhiteElo "1363"]
[BlackElo "1565"]
[Opening "Hungarian defense"]
[ECO "C50"]
[Time "14:02:57"]
[TimeControl "2700+45"]

1. e4 e5 2. Nf3 Nc6 3. Bc4 Be7 4. c3 d6 5. h3 Nf6 6. d3 Na5 7. Qa4+ Nc6 8. Ng5
O-O 9. Nd2 h6 10. Ngf3 a6 11. Bb5 Bd7 12. Bxc6 Bxc6 13. Qb3 b5 14. O-O Bd7 15.
c4 Nh5 16. d4 Nf4 17. dxe5 dxe5 18. Nxe5 bxc4 19. Ndxc4 Be6 20. Bxf4 Rb8 21. Qe3
Bxc4 22. Nxc4 Bf6 23. e5 Re8 24. Rfd1 Qc8 25. Rac1 Rb5 26. Nd6 Qe6 27. Nxe8 Qxe8
28. exf6 {Black resigns} 1-0

[Event "Team 45 45 League T41"]
[Site "Internet Chess Club"]
[Date "2009.05.15"]
[Round "3"]
[White "alaskauk"]
[Black "nobull"]
[Result "1-0"]
[WhiteElo "1518"]
[BlackElo "1540"]
[Opening "Ruy Lopez: Schliemann defense"]
[ECO "C63"]
[Time "05:02:11"]
[TimeControl "2700+45"]

1. e4 e5 2. Nf3 Nc6 3. Bb5 f5 4. Bxc6 dxc6 5. Nc3 fxe4 6. Nxe4 Bg4 7. h3 Bxf3 8.
Qxf3 Nf6 9. O-O Nxe4 10. Qxe4 Qd5 11. Re1 O-O-O 12. Qf5+ Qd7 13. Qxd7+ Rxd7 14.
Rxe5 Bd6 15. Re2 Re7 16. Rxe7 Bxe7 17. d3 Re8 18. Be3 b6 19. Re1 Bf6 20. b3 c5
21. Kf1 Kd7 22. Bd2 Rxe1+ 23. Kxe1 Be5 24. f4 Bd6 25. Ke2 Ke6 26. g4 g6 27. c4
Kf6 28. Kf3 Bf8 29. Bc3+ Ke6 30. Ke4 c6 31. Be5 a6 32. Bc3 Be7 33. f5+ Kf7 34.
Be5 Bd8 35. d4 cxd4 36. Bxd4 g5 37. Be5 h6 38. Bd4 b5 39. Bc5 Bf6 40. cxb5 axb5
41. a4 bxa4 42. bxa4 Ke8 43. a5 Kd7 44. Bd4 Be7 45. f6 Bf8 46. Kf5 c5 47. Bc3 c4
48. a6 Bc5 49. f7 Kc6 50. Kg6 Kb6 51. a7 Kxa7 52. Bd4 Bxd4 53. f8=Q c3 54. Qb4
Bf2 55. Kf7 Be1 56. Ke6 Ka6 57. Kd5 Bd2 58. Kc6 {Black resigns} 1-0

[Event "Team 45 45 League T41"]
[Site "Internet Chess Club"]
[Date "2009.05.18"]
[Round "3"]
[White "Kalar-Yadwa"]
[Black "malihini"]
[Result "1-0"]
[WhiteElo "1352"]
[BlackElo "1258"]
[Opening "QGD semi-Slav"]
[ECO "D43"]
[Time "14:17:00"]
[TimeControl "2700+45"]

1. d4 d5 2. c4 c6 3. Nf3 Nf6 4. Nc3 e6 5. Bg5 Be7 6. e3 Nbd7 7. Bd3 O-O 8. O-O
c5 9. cxd5 exd5 10. dxc5 Nxc5 11. Bc2 Ne6 12. Bh4 b6 13. Rc1 Bb7 14. Ba4 Rc8 15.
Ne5 Bd6 16. Nd7 Qe7 17. Nxf8 Bxh2+ 18. Kxh2 Ng4+ 19. Qxg4 Qd6+ 20. Bg3 Qxf8 21.
Bd7 Rc4 22. Qf5 g6 23. Qf6 Qh6+ 24. Kg1 {Black resigns} 1-0

[Event "Team 45 45 League T41"]
[Site "Internet Chess Club"]
[Date "2009.05.15"]
[Round "3"]
[White "PsyMar"]
[Black "JustinZ"]
[Result "0-1"]
[WhiteElo "1112"]
[BlackElo "1260"]
[Opening "Scotch game"]
[ECO "C45"]
[Time "14:00:06"]
[TimeControl "2700+45"]

1. e4 e5 2. Nf3 Nc6 3. d4 exd4 4. Nxd4 Nxd4 5. Qxd4 d6 6. Nc3 Nf6 7. Bg5 Be7 8.
h4 O-O 9. O-O-O c5 10. Qa4 Bd7 11. Bb5 Bxb5 12. Qxb5 b6 13. Bxf6 Bxf6 14. Nd5
Bxh4 15. g3 Qg5+ 16. Rd2 Bxg3 17. fxg3 Qxg3 18. Rdh2 h6 19. Ne7+ Kh8 20. Nf5 Qg4
21. Nxd6 Qf4+ 22. Rd2 Rfd8 23. Qc6 Rac8 24. Nxc8 Qxd2+ 25. Kb1 Qd1+ 26. Rxd1
Rxd1# {White checkmated} 0-1

[Event "Team 45 45 League T41"]
[Site "Internet Chess Club"]
[Date "2009.05.17"]
[Round "3"]
[White "mongmong"]
[Black "yemisco1"]
[Result "1-0"]
[WhiteElo "1618"]
[BlackElo "1458"]
[Opening "Queen's pawn game, Chigorin variation"]
[ECO "D02"]
[Time "17:02:56"]
[TimeControl "2700+45"]

1. d4 d5 2. Nf3 Nc6 3. e3 Bg4 4. c3 a6 5. h3 Bxf3 6. Qxf3 e6 7. Bd3 Qf6 8. Qe2
Bd6 9. Nd2 e5 10. dxe5 Nxe5 11. Bc2 c6 12. O-O Ne7 13. e4 N7g6 14. exd5 cxd5 15.
Nf3 O-O 16. Nxe5 Qxe5 17. Qxe5 Bxe5 18. Bxg6 fxg6 19. Be3 b5 20. Rfd1 Rad8 21.
Bd4 Bf6 22. Rd3 Rd7 23. Rad1 Bxd4 24. Rxd4 Rfd8 25. b3 Kf7 26. c4 Ke6 27. cxb5
axb5 28. Rb4 Ra8 29. Rd2 Ra5 30. f3 h5 31. a4 bxa4 32. Rxa4 Rxa4 33. bxa4 Ra7
34. Ra2 Ra5 35. Kf2 d4 36. Ke2 Kd5 37. Kd3 g5 38. g3 g6 39. Ra1 Rc5 40. a5 Rc3+
41. Ke2 d3+ 42. Ke3 Kc4 43. a6 Kb3 44. a7 Rc2 45. Kxd3 Rc3+ 46. Ke2 Rc2+ 47. Kf1
Rh2 48. a8=Q Rh1+ 49. Kg2 Rxa1 50. Qxa1 g4 51. Qf6 gxf3+ 52. Qxf3+ Kb4 53. Qf4+
Kc3 54. Qf6+ Kd2 55. Qxg6 {Black resigns} 1-0

[Event "Team 45 45 League T41"]
[Site "Internet Chess Club"]
[Date "2009.05.17"]
[Round "3"]
[White "Aquaman"]
[Black "ticopatzer"]
[Result "1/2-1/2"]
[WhiteElo "1381"]
[BlackElo "1562"]
[Opening "Blackmar gambit"]
[ECO "D00"]
[Time "16:00:07"]
[TimeControl "2700+45"]

1. d4 d5 2. e4 dxe4 3. Nc3 Nf6 4. f3 exf3 5. Nxf3 Bg4 6. h3 Bxf3 7. Qxf3 c6 8.
Be3 e6 9. Bd3 Be7 10. O-O Nbd7 11. Rf2 O-O 12. Raf1 e5 13. Ne4 Nd5 14. Kh1 Nxe3
15. Qxe3 exd4 16. Qf3 c5 17. Qf5 g6 18. Qd5 Nb6 19. Qb3 Rc8 20. Bc4 Nxc4 21.
Qxc4 b5 22. Qxb5 Rb8 23. Qa6 Qb6 24. Qd3 Qe6 25. b3 f5 26. Nd2 Rbe8 27. Nc4 Bf6
28. Na5 Qe4 29. Qc4+ Qe6 30. Qxc5 Rc8 31. Qb5 Qb6 32. Qd5+ Kg7 33. Nc4 Qc5 34.
Qxc5 Rxc5 35. Re2 {Game drawn by mutual agreement} 1/2-1/2

[Event "Team 45 45 League T41"]
[Site "Internet Chess Club"]
[Date "2009.05.19"]
[Round "3"]
[White "cobbler"]
[Black "nozmov"]
[Result "1-0"]
[WhiteElo "1326"]
[BlackElo "1402"]
[Opening "Réti: King's Indian attack (Barcza system)"]
[ECO "A07"]
[Time "13:00:24"]
[TimeControl "2700+45"]

1. Nf3 d5 2. g3 Nf6 3. Bg2 c5 4. d3 Nc6 5. O-O e6 6. Nbd2 Be7 7. e4 dxe4 8. dxe4
Qc7 9. Re1 e5 10. b3 Bg4 11. a4 O-O-O 12. Re3 Rd7 13. Rd3 Rhd8 14. Rxd7 Rxd7 15.
Qe1 Bxf3 16. Nxf3 Nd4 17. Nxd4 cxd4 18. Bh3 Qc3 19. Bxd7+ Kxd7 20. Qxc3 dxc3 21.
Bg5 h6 22. Bxf6 gxf6 23. Rd1+ Ke6 24. Rd3 Bb4 25. Rd8 f5 26. f3 fxe4 27. fxe4
Bc5+ 28. Kg2 Ke7 29. Rh8 Be3 30. Kf3 Bd2 31. Rc8 Kd7 32. Ra8 a6 33. Rb8 Kc7 34.
Rf8 b5 35. Rxf7+ Kd6 36. Ra7 bxa4 37. bxa4 Kc5 38. Rxa6 Kb4 39. Kg4 Ka3 40. Rb6
Kxa4 41. Kf5 Be3 42. Rb1 Bd4 43. g4 Ka3 44. g5 hxg5 45. Kxg5 Ka2 46. Rb7 Be3+
47. Kf5 Bc1 48. Kxe5 Bb2 49. h4 Kb1 50. Rb3 Kxc2 51. Rxc3+ Bxc3+ 52. Kf5 Kd3 53.
e5 Bb4 54. h5 Bf8 55. e6 Kd4 56. Kf6 Kd5 57. e7 Bxe7+ 58. Kxe7 Ke5 59. Kf7 Kf5
60. Kg7 Kg5 61. h6 {Black resigns} 1-0

[Event "Team 45 45 League T41"]
[Site "Internet Chess Club"]
[Date "2009.05.17"]
[Round "3"]
[White "noblitz-oblige"]
[Black "dscvdchk"]
[Result "1-0"]
[WhiteElo "1633"]
[BlackElo "1551"]
[Opening "Petrov: classical attack, Marshall variation"]
[ECO "C42"]
[Time "20:30:11"]
[TimeControl "2700+45"]

1. e4 e5 2. Nf3 Nf6 3. Nxe5 d6 4. Nf3 Nxe4 5. d4 d5 6. Bd3 Bd6 7. O-O O-O 8. c3
Re8 9. h3 h6 10. Nbd2 Nd7 11. c4 c6 12. Re1 Ndf6 13. Qc2 Bf5 14. b3 Rc8 15. Bb2
Bf4 16. Re2 Rc7 17. g3 Bxd2 18. Nxd2 Rce7 19. h4 Qc7 20. Kg2 Bg4 21. Re3 Kh8 22.
Ba3 Re6 23. cxd5 Nxd5 24. Rxe4 f5 25. Rxe6 Rxe6 26. Bxf5 Bxf5 27. Qxf5 Rf6 28.
Qd3 b5 29. Re1 Qf7 30. Ne4 Rg6 31. Bc1 Qf4 32. Ng5 Qf6 33. Re6 {Black resigns}
1-0

[Event "Team 45 45 League T41"]
[Site "Internet Chess Club"]
[Date "2009.05.16"]
[Round "3"]
[White "houseofcook"]
[Black "chesskix"]
[Result "0-1"]
[WhiteElo "1418"]
[BlackElo "1508"]
[Opening "Caro-Kann: exchange, Rubinstein variation"]
[ECO "B13"]
[Time "11:00:16"]
[TimeControl "2700+45"]

1. e4 c6 2. d4 d5 3. exd5 cxd5 4. Bd3 Nf6 5. Bf4 Nc6 6. c3 g6 7. Nd2 Bg7 8. Ngf3
O-O 9. O-O a6 10. Re1 Nh5 11. Bg5 f6 12. Be3 e5 13. dxe5 fxe5 14. Bg5 Qd6 15.
Bc2 Nf4 16. Ne4 Qc7 17. Bxf4 dxe4 18. Qd5+ Kh8 19. Bxe5 Nxe5 20. Bxe4 Nxf3+ 21.
Bxf3 Bf5 22. Qb3 Rab8 23. Qb4 b5 24. Re7 Qb6 25. Rae1 Bf6 26. Rb7 Qd8 27. Rd1
Qe8 28. Bc6 {White resigns} 0-1

[Event "Team 45 45 League T41"]
[Site "Internet Chess Club"]
[Date "2009.05.17"]
[Round "3"]
[White "dondel"]
[Black "Zohan"]
[Result "0-1"]
[WhiteElo "1367"]
[BlackElo "1364"]
[Opening "QGD Slav: 4.e3 Bf5"]
[ECO "D12"]
[Time "15:26:38"]
[TimeControl "2700+45"]

1. d4 d5 2. c4 c6 3. e3 Nf6 4. Nf3 Bf5 5. Be2 e6 6. O-O Bd6 7. c5 Be7 8. Ne5 O-O
9. Nd2 Nbd7 10. Nxd7 Qxd7 11. Nf3 Qc7 12. Ne5 Ne4 13. Bg4 Bxg4 14. Qxg4 Nf6 15.
Qf3 Ne4 16. b4 Bf6 17. Ng4 Ng5 18. Qg3 Qxg3 19. fxg3 Be7 20. Re1 Ne4 21. a4 a5
22. b5 cxb5 23. axb5 b6 24. c6 Nc3 25. Ne5 Nxb5 26. Bd2 Ra6 27. Reb1 Na7 28. Nd7
Nxc6 29. Nxf8 Bxf8 30. Ra2 a4 31. Rab2 a3 32. Ra2 f6 33. Kf2 Kf7 34. Kf3 e5 35.
dxe5 Nxe5+ 36. Ke2 Ke6 37. Bb4 Bxb4 38. Rxb4 Kd6 39. Rb3 Nc4 40. Kd3 Kc5 41. e4
d4 42. Rb1 Ne5+ 43. Ke2 d3+ 44. Kd2 Kd4 45. Rb4+ Nc4+ 46. Kc1 Kc3 47. Rxc4+ Kxc4
48. Kd2 b5 49. g4 b4 {White resigns} 0-1

[Event "Team 45 45 League T41"]
[Site "Internet Chess Club"]
[Date "2009.05.18"]
[Round "3"]
[White "Skylab"]
[Black "blkmagic"]
[Result "0-1"]
[WhiteElo "1241"]
[BlackElo "1235"]
[Opening "Ruy Lopez: open (Tarrasch) defense"]
[ECO "C80"]
[Time "11:01:08"]
[TimeControl "2700+45"]

1. e4 e5 2. Nf3 Nc6 3. Bb5 a6 4. Ba4 Nf6 5. O-O Nxe4 6. d3 Nc5 7. Bxc6 dxc6 8.
Nxe5 Be7 9. Re1 O-O 10. d4 Ne6 11. b3 Nxd4 12. Bb2 c5 13. Re4 Bf5 14. Re3 Bxc2
15. Qc1 Bg5 16. Nf3 Ne2+ {White resigns} 0-1

[Event "Team 45 45 League T41"]
[Site "Internet Chess Club"]
[Date "2009.05.18"]
[Round "3"]
[White "hogwash"]
[Black "EyeAm"]
[Result "1/2-1/2"]
[WhiteElo "1413"]
[BlackElo "1504"]
[Opening "Four knights: Scotch variation"]
[ECO "C47"]
[Time "18:00:52"]
[TimeControl "2700+45"]

1. e4 e5 2. Nf3 Nf6 3. Nc3 Nc6 4. d4 Bb4 5. d5 Ne7 6. Qd3 O-O 7. Be3 d6 8. Be2
Ng4 9. Bg5 f6 10. Bh4 Ng6 11. h3 Nxh4 12. hxg4 Nxf3+ 13. Qxf3 a6 14. a3 Ba5 15.
Rh2 Bd7 16. O-O-O Bb6 17. Rdh1 h6 18. Rh5 Qe8 19. Qg3 Qg6 20. f4 exf4 21. Qxf4
Bd4 22. Rxh6 gxh6 23. Rxh6 Qg7 24. Bd3 Be5 25. Qe3 Qxg4 26. Qh3 Bf4+ 27. Kb1
Bxh6 28. Qxh6 Qg7 29. Qh4 f5 30. g3 Qg4 31. Be2 Qxh4 32. gxh4 fxe4 33. Nxe4 Rae8
34. Bd3 Bf5 35. Ng5 Bxd3 36. cxd3 Rf1+ 37. Kc2 Re2+ 38. Kc3 Rc1+ 39. Kd4 Rb1 40.
Ne6 Rbxb2 41. Nxc7 Ra2 42. h5 Rxa3 43. h6 Kh7 44. Ne6 Kxh6 45. Nd8 b5 46. Nf7+
Kg6 47. Nxd6 b4 48. Nc4 Raa2 49. d6 Kf6 50. Kd5 b3 51. d4 b2 52. d7 Ke7 53. Nxb2
Raxb2 54. Kc6 Rbc2+ 55. Kd5 Kxd7 {White stalemated} 1/2-1/2

[Event "Team 45 45 League T41"]
[Site "Internet Chess Club"]
[Date "2009.05.15"]
[Round "3"]
[White "guyd52"]
[Black "Krumpy"]
[Result "0-1"]
[WhiteElo "1336"]
[BlackElo "1529"]
[Opening "Réti opening"]
[ECO "A04"]
[Time "15:05:38"]
[TimeControl "2700+45"]

1. Nf3 Nc6 2. g3 e5 3. d3 d5 4. Bg2 Nge7 5. O-O f6 6. Nbd2 Be6 7. b3 Qd7 8. e4
d4 9. Bb2 Bg4 10. a3 Ng6 11. b4 h5 12. h4 Nxh4 13. gxh4 g5 14. Qe1 Bh3 15. Nh2
gxh4 16. f3 Rg8 17. Rf2 Bh6 18. Ndf1 O-O-O 19. Bc1 Be3 20. Bxe3 dxe3 21. Qxe3
Nd4 22. f4 exf4 23. Qxf4 Bxg2 24. Rxg2 Ne2+ {White resigns} 0-1

[Event "Team 45 45 League T41"]
[Site "Internet Chess Club"]
[Date "2009.05.15"]
[Round "3"]
[White "arconia"]
[Black "wekabird"]
[Result "1-0"]
[WhiteElo "1347"]
[BlackElo "1264"]
[Opening "Caro-Kann: two knights variation"]
[ECO "B10"]
[Time "20:02:05"]
[TimeControl "2700+45"]

1. e4 c6 2. Nf3 d5 3. Nc3 dxe4 4. Nxe4 Bf5 5. d3 Bxe4 6. dxe4 Qxd1+ 7. Kxd1 Nd7
8. e5 e6 9. Bc4 g6 10. Ke2 Bg7 11. Bf4 Ne7 12. Rhd1 Rd8 13. Ng5 Nd5 14. Bxd5
cxd5 15. Nf3 O-O 16. h4 f6 17. exf6 Bxf6 18. Rh1 Nc5 19. h5 g5 20. Bxg5 Bxg5 21.
Nxg5 Rde8 22. Rh3 Rf5 23. Rg3 Kh8 24. Rh1 Rg8 25. Nf3 Rxg3 26. fxg3 Ne4 27. Ke3
Nxg3 28. Rc1 Nxh5 29. g4 d4+ 30. Nxd4 Re5+ 31. Kf3 Nf6 32. Kf4 Re4+ 33. Kg5 Nxg4
34. Nxe6 Rxe6 35. Kxg4 h5+ 36. Kxh5 Ra6 37. a3 Kg7 38. Rg1+ Kf6 39. Rg6+ Ke5 40.
Rxa6 bxa6 41. c4 Kd4 42. b3 Kc3 43. c5 Kd4 44. c6 Kd5 45. c7 {Black resigns} 1-0

[Event "Team 45 45 League T41"]
[Site "Internet Chess Club"]
[Date "2009.05.17"]
[Round "3"]
[White "WilmaP"]
[Black "reverendjim"]
[Result "0-1"]
[WhiteElo "1126"]
[BlackElo "1344"]
[Opening "Sicilian, Chekhover variation"]
[ECO "B53"]
[Time "08:00:09"]
[TimeControl "2700+45"]

1. e4 c5 2. Nf3 d6 3. d4 cxd4 4. Qxd4 Nc6 5. Bb5 Bd7 6. Qd1 a6 7. Ba4 b5 8. Bb3
Nf6 9. Ng5 e6 10. O-O h6 11. Nf3 Nxe4 12. Re1 Nc5 13. Bd5 Be7 14. Bxc6 Bxc6 15.
Be3 O-O 16. Nbd2 Ne4 17. Nb3 Rc8 18. Nbd4 Bb7 19. Nd2 Ng5 20. Qg4 e5 21. Nf5 Bf6
22. c3 Kh7 23. f3 Bd5 24. Ne4 Be6 25. h4 Nxe4 26. Qxe4 Bxf5 27. Qxf5+ g6 28. Qh3
Bxh4 29. g3 Bg5 30. f4 exf4 31. gxf4 Bh4 32. Re2 h5 33. Rf1 f5 34. Bf2 Bxf2+ 35.
Rexf2 Qb6 36. Kh2 Rce8 37. Rg2 Qe3 38. Qh4 Rg8 39. Rg3 Qe2+ 40. Rg2 Qxf1 41. Qf6
Qxf4+ 42. Kh1 Re1+ 43. Rg1 Rxg1+ 44. Kxg1 Qg3+ 45. Kf1 Qe5 46. Qf7+ Rg7 47. Qf8
Qf4+ 48. Kg2 Qd2+ 49. Kf3 Qxb2 50. Qxd6 Qxc3+ 51. Kf4 Qc4+ 52. Kg5 Qg4+ 53. Kf6
Qh4+ 54. Ke5 Qe4+ 55. Kf6 Qe7+ 56. Qxe7 Rxe7 57. Kxe7 h4 {White resigns} 0-1

[Event "Team 45 45 League T41"]
[Site "Internet Chess Club"]
[Date "2009.05.16"]
[Round "3"]
[White "Skylab"]
[Black "CoasterBrake"]
[Result "1-0"]
[WhiteElo "1259"]
[BlackElo "1234"]
[Opening "Caro-Kann: exchange variation"]
[ECO "B13"]
[Time "17:00:09"]
[TimeControl "2700+45"]

1. e4 c6 2. d4 d5 3. exd5 cxd5 4. Nf3 Nc6 5. c4 Nf6 6. cxd5 Nxd5 7. Nc3 Bg4 8.
Be2 e6 9. O-O Be7 10. Nxd5 Qxd5 11. Be3 e5 12. dxe5 Qxd1 13. Rfxd1 Nxe5 14. Nxe5
Bxe2 15. Re1 Bb5 16. Nf3 b6 17. Bg5 f6 18. Bf4 Kf7 19. Nd4 Bd7 20. Rad1 Rad8 21.
Bc7 Bb4 22. Re4 Rde8 23. Rxe8 Rxe8 24. Nf3 Be6 25. h3 Bxa2 26. Rd7+ Kf8 27. Bd6+
Bxd6 28. Rxd6 Ke7 29. Rd1 Rd8 30. Ra1 Bd5 31. Rxa7+ Rd7 32. Rxd7+ Kxd7 33. Nd4
Kd6 34. Nb5+ Kc5 35. Nc3 Kc4 36. Nxd5 Kxd5 37. Kf1 Kc4 38. Ke2 Kb3 39. Kd3 b5
40. Kd4 b4 41. Kc5 g5 42. g4 Ka4 43. Kc4 b3 44. f3 h6 45. Kc3 {Black resigns}
1-0

[Event "Team 45 45 League T41"]
[Site "Internet Chess Club"]
[Date "2009.05.18"]
[Round "3"]
[White "farbror"]
[Black "bowwrestler"]
[Result "1-0"]
[WhiteElo "1239"]
[BlackElo "1012"]
[Opening "Scandinavian: Pytel-Wade variation"]
[ECO "B01"]
[Time "15:02:28"]
[TimeControl "2700+45"]

1. e4 d5 2. exd5 Qxd5 3. Nc3 Qd6 4. Nf3 Nf6 5. Be2 a6 6. O-O Nbd7 7. d4 e6 8. b3
b5 9. Bb2 Bb7 10. Qd3 Be7 11. Rad1 Nd5 12. Ne4 Qb6 13. Qd2 O-O-O 14. Ra1 c5 15.
Rfc1 h6 16. c4 N5f6 17. Nxf6 Bxf6 18. cxb5 axb5 19. a4 b4 20. a5 Qc6 21. a6 Ba8
22. a7 g5 23. Ra6 Qb7 24. Rca1 Qc7 25. dxc5 Bxb2 26. Qxb2 Nxc5 27. Rc1 Rd6 28.
Qxh8+ Kb7 29. Rxc5 Qxc5 30. Qb8# {Black checkmated} 1-0

[Event "Team 45 45 League T41"]
[Site "Internet Chess Club"]
[Date "2009.05.14"]
[Round "3"]
[White "beerss"]
[Black "Zohan"]
[Result "0-1"]
[WhiteElo "1397"]
[BlackElo "1346"]
[Opening "Sicilian defense"]
[ECO "B30"]
[Time "21:00:05"]
[TimeControl "2700+45"]

1. e4 c5 2. Nf3 Nc6 3. Be2 e5 4. O-O Nf6 5. d3 Be7 6. Nc3 O-O 7. Bg5 a6 8. Nh4
Nd4 9. Nf5 Nxe2+ 10. Qxe2 d6 11. Nxe7+ Qxe7 12. Nd5 Qd8 13. Bxf6 gxf6 14. Qh5
Be6 15. c4 Kh8 16. Qh6 Bxd5 17. cxd5 Rg8 18. Rae1 Qd7 19. Qxf6+ Rg7 20. Re3 Rg8
21. Rg3 Qb5 22. Rxg7 Rxg7 23. Qd8+ Rg8 24. Qxd6 Qxb2 25. Qxe5+ Qxe5 {White
resigns} 0-1

[Event "Team 45 45 League T41"]
[Site "Internet Chess Club"]
[Date "2009.05.14"]
[Round "3"]
[White "jjaillet2007"]
[Black "reverendjim"]
[Result "1/2-1/2"]
[WhiteElo "1243"]
[BlackElo "1336"]
[Opening "QGD Slav defense"]
[ECO "D13"]
[Time "22:00:32"]
[TimeControl "2700+45"]

1. d4 d5 2. c4 c6 3. Nc3 Nf6 4. cxd5 cxd5 5. Nf3 Nc6 6. Bf4 a6 7. e3 Bg4 8. h3
Bxf3 9. Qxf3 e6 10. Bd3 Bd6 11. O-O Bxf4 12. exf4 Nxd4 13. Qe3 Nc6 14. f5 d4 15.
Qe2 e5 16. Ne4 O-O 17. Nxf6+ Qxf6 18. Qg4 Qd6 19. Qh4 f6 20. Rfe1 Nb4 21. Red1
Nxd3 22. Rxd3 Rac8 23. f3 Rc2 24. Rb1 Rfc8 25. Qe1 Qc6 26. Rd2 Rc1 27. Rxc1 Qxc1
28. Qxc1 Rxc1+ 29. Kh2 b5 30. f4 Kf7 31. fxe5 fxe5 32. g4 g5 33. Kg3 Kf6 34. h4
h6 35. hxg5+ hxg5 36. Rh2 d3 37. Kf3 Rc2 38. Rh6+ Kg7 39. Rd6 Rxb2 40. Rxd3 e4+
41. Kxe4 Rb4+ {Game drawn by mutual agreement} 1/2-1/2